 Dungeon Crawl Stone Soup version 0.18.1-50-g88ac8fd (webtiles) character file.

5854 Dioneo the Zephyrmancer (level 10, 0/103 HPs)
             Began as a High Elf Air Elementalist on Oct 21, 2016.
             Was an Initiate of Ashenzari.
             Slain by Blank's ghost (6 damage)
             ... on level 8 of the Dungeon.
             The game lasted 00:39:55 (10998 turns).

Dioneo the Zephyrmancer (HEAE)                     Turns: 10998, Time: 00:39:56

Health: 0/103      AC: 25    Str:  7    XL:     10   Next: 52%
Magic:  4/18       EV:  2    Int: 26    God:    Ashenzari [......]
Gold:   274        SH:  5    Dex: 18    Spells: 6 memorised, 1 level left

rFire  . . .     SeeInvis .     L - +1 dagger (venom)
rCold  . . .     Gourm    .     (armour currently unavailable)
rNeg   + + +     Faith    .     y - +0 buckler
rPois  +         Spirit   .     (helmet currently unavailable)
rElec  .         Dismiss  .     (cloak currently unavailable)
rCorr  .         Reflect  .     (gloves currently unavailable)
SustAt .         Harm     .     (boots currently unavailable)
MR     +....     NoTele   +     (no amulet)
Stlth  +++.......               k - +5 ring of intelligence
                                s - ring of positive energy

@: tree-form, repel missiles, somewhat resistant to hostile enchantments, fairly
stealthy
A: no striking features
a: Curse Item, Renounce Religion


You were on level 8 of the Dungeon.
You worshipped Ashenzari.
Ashenzari was noncommittal.
You were not hungry.
You were a tree.
You visited 1 branch of the dungeon, and saw 8 of its levels.

You collected 274 gold pieces.

Inventory:

Hand Weapons
 g - a +2 short sword of speed
 z - a +0 blowgun
 L - a +1 dagger of venom (weapon)
Missiles
 o - 41 poisoned needles
Armour
 a - a +0 robe (melded)
 j - a cursed +0 pair of gloves (melded)
 m - the +5 ring mail "Luadex" {+Fly rC+ Str+8}
   (You took it off an orc on level 7 of the Dungeon)

   It affects your strength (+8).
   It protects you from cold.
   It lets you fly.
 r - a cursed +1 pair of boots of flying (melded)
 y - a +0 buckler (worn)
Jewellery
 k - a +5 ring of intelligence (right branch)
 s - a ring of positive energy (left branch)
Wands
 C - a wand of slowing (17/48)
 F - a wand of lightning (1/15)
 I - a wand of digging (13/24)
Scrolls
 i - a scroll of amnesia {unknown}
 l - 3 scrolls of enchant weapon
 q - 2 scrolls of blinking {unknown}
 u - 3 scrolls of fog
 v - a scroll of random uselessness {unknown}
 w - 2 scrolls of teleportation {unknown}
 x - a scroll of immolation
 A - 2 scrolls of enchant armour {unknown}
 H - a scroll of holy word {unknown}
 J - a scroll of recharging {unknown}
 K - a scroll of fear {unknown}
Potions
 d - a potion of mutation
 n - 2 potions of agility
 p - 2 potions of cure mutation
 t - a potion of heal wounds {unknown}
 B - a potion of resistance {unknown}
 E - a potion of haste {unknown}
 G - 2 potions of cancellation {unknown}
Books
 b - a book of Air

   Spells                             Type                      Level
   a - Shock                          Conjuration/Air              1
   b - Swiftness                      Charms/Air                   2
   c - Repel Missiles                 Charms/Air                   2
   d - Static Discharge               Conjuration/Air              3
   e - Lightning Bolt                 Conjuration/Air              5
 f - a book of Conjurations

   Spells                             Type                      Level
   a - Magic Dart                     Conjuration                  1
   b - Searing Ray                    Conjuration                  2
   c - Dazzling Spray                 Conjuration/Hexes            3
   d - Fulminant Prism                Conjuration/Hexes            4
   e - Iskenderun's Mystic Blast      Conjuration                  4
   f - Iskenderun's Battlesphere      Conjuration/Charms           5
Comestibles
 c - 5 bread rations
 h - a meat ration
 D - 14 fruits
 M - 4 chunks of flesh


   Skills:
 + Level 6.8 Fighting
 - Level 2.1 Dodging
 - Level 2.1 Stealth
 - Level 4.4 Shields
 - Level 5.2 Spellcasting
 + Level 8.6 Conjurations
 + Level 6.1 Charms
 + Level 10.6 Air Magic


You had one spell level left.
You knew the following spells:

 Your Spells              Type           Power        Failure   Level  Hunger
a - Shock                 Conj/Air       ####         1%          1    None
b - Repel Missiles        Chrm/Air       ######       1%          2    None
c - Static Discharge      Conj/Air       ######..     1%          3    #......
d - Lightning Bolt        Conj/Air       ######....   6%          5    #####..
e - Swiftness             Chrm/Air       ######..     1%          2    None
f - Iskenderun's Battles  Conj/Chrm      #####...     12%         5    #####..


Dungeon Overview and Level Annotations

Branches:
Dungeon (8/15)             Temple (0/1) D:7
   Lair: D:8-11

Altars:
Ashenzari
Cheibriados
Dithmenos
Elyvilon
Kikubaaqudgha
Nemelex Xobeh
Ru
Trog
Vehumet
Yredelemnul

Shops:
D:8 (

Annotations:
D:8 Blank's ghost, novice MiFi


Message History

You hit Blank's ghost but do no damage. Blank's ghost hits you.
* * * LOW HITPOINT WARNING * * *
You hit Blank's ghost but do no damage.
Blank's ghost hits you but does no damage.
Casting: Shock
Confirm with . or Enter, or press ? or * to list all spells.
Aiming: Shock
Press: ? - help, Shift-Dir - straight line That beam is likely to hit you.
Continue anyway?
Okay, then.
Casting: Shock
Confirm with . or Enter, or press ? or * to list all spells.
Aiming: Shock
Press: ? - help, Shift-Dir - straight line, f - adder zombie
Aim: an adder zombie That beam is likely to hit you.
Continue anyway?
Okay, then.
You hit Blank's ghost but do no damage. You block Blank's ghost's attack.
You hit Blank's ghost but do no damage. Blank's ghost hits you.
You die...

#..# #.....P≈.####...... ##..#
#.....≈≈P#......... ##...#
#.YP..≈≈≈#........#
####W...####...Y..≈P#.......##
.h.....†..##.≈.≈.≈PP###.....##
.......##.÷####)#######..###..
#####.# ###†.Z).# #..## ##. ##
###W### ##.## #. #♣# #.## ##
### ###


You could see Blank's ghost and an adder zombie.

Vanquished Creatures
  Erolcha (D:8)
  A hydra (D:8)
  Prince Ribbit (D:6)
  2 yaks (D:8)
  A hungry ghost (D:7)
  3 sky beasts
  2 ice beasts
  An orc warrior (D:7)
  2 phantoms
  2 ogres
  A necrophage (D:7)
  A centaur (D:7)
  3 big kobolds (D:8)
  2 giant frogs
  4 scorpions
  10 killer bees
  7 wights (D:6)
  3 crimson imps
  2 centaur zombies
  3 jellies (D:7)
  A giant frog zombie (D:5)
  3 hounds
  A giant frog skeleton (D:5)
  5 orc priests
  3 iguanas
  9 orc wizards
  4 worker ants
  Terence (D:2)
  2 sheep (D:8)
  A hound skeleton (D:6)
  2 worker ant zombies
  9 adders
  21 gnolls
  A howler monkey skeleton (D:7)
  A shadow imp (D:5)
  An adder zombie (D:5)
  2 worms
  3 dart slugs
  2 giant geckos
  21 orcs
  2 giant cockroaches
  8 goblins
  8 hobgoblins
  5 jackals
  14 kobolds
  2 quokkas
  2 ball pythons
  16 bats
  A giant gecko skeleton (D:5)
  3 giant newts
  3 quokka skeletons
  A quokka zombie (D:6)
  12 rats
  A butterfly (D:7)
  A plant (D:8)
224 creatures vanquished.

Notes
Turn   | Place    | Note
--------------------------------------------------------------
     0 | D:1      | Dioneo the High Elf Air Elementalist began the quest for the Orb.
     0 | D:1      | Reached XP level 1. HP: 11/11 MP: 4/4
   217 | D:1      | Found a sparkling altar of Nemelex Xobeh.
   259 | D:1      | Reached XP level 2. HP: 17/17 MP: 0/6
   540 | D:1      | Reached skill level 4 in Air Magic
   719 | D:1      | Learned a level 2 spell: Repel Missiles
   871 | D:1      | Reached XP level 3. HP: 21/21 MP: 2/8
  1284 | D:2      | Learned a level 3 spell: Static Discharge
  1402 | D:2      | Noticed Terence
  1406 | D:2      | Killed Terence
  1406 | D:2      | Reached XP level 4. HP: 27/27 MP: 5/10
  1898 | D:2      | Found a basalt altar of Yredelemnul.
  1936 | D:2      | Reached skill level 5 in Air Magic
  2388 | D:2      | Reached XP level 5. HP: 29/31 MP: 5/11
  2442 | D:2      | Learned a level 5 spell: Lightning Bolt
  3269 | D:3      | Found a shattered altar of Ashenzari.
  3291 | D:3      | Became a worshipper of Ashenzari the Shackled
  3457 | D:3      | Reached XP level 6. HP: 35/36 MP: 8/13
  3502 | D:3      | Learned a level 2 spell: Swiftness
  3832 | D:4      | Found a radiant altar of Vehumet.
  4264 | D:4      | Reached skill level 1 in Shields
  4264 | D:4      | Reached skill level 6 in Air Magic
  4288 | D:4      | Reached skill level 5 in Spellcasting
  4535 | D:4      | Reached XP level 7. HP: 37/41 MP: 10/15
  4837 | D:5      | Entered Level 5 of the Dungeon
  4958 | D:5      | Reached skill level 1 in Fighting
  4960 | D:5      | Reached skill level 5 in Conjurations
  5213 | D:5      | Found a shadowy altar of Dithmenos.
  5325 | D:5      | Found an ancient bone altar of Kikubaaqudgha.
  5384 | D:5      | Found a sacrificial altar of Ru.
  5549 | D:5      | Reached skill level 7 in Air Magic
  5735 | D:5      | Reached XP level 8. HP: 41/50 MP: 10/16
  6128 | D:6      | Reached * piety under Ashenzari
  6132 | D:6      | Noticed Prince Ribbit
  6156 | D:6      | Killed Prince Ribbit
  6985 | D:6      | Reached skill level 8 in Air Magic
  7432 | D:6      | Reached XP level 9. HP: 52/58 MP: 7/17
  7707 | D:6      | Learned a level 5 spell: Iskenderun's Battlesphere
  7754 | D:6      | Reached skill level 1 in Charms
  8749 | D:7      | Got the uncursed ring mail "Luadex" {+Fly rC+ Str+8}
  8771 | D:7      | Identified the +5 ring mail "Luadex" {+Fly rC+ Str+8} (You took it off an orc on level 7 of the Dungeon)
  8843 | D:7      | Reached skill level 5 in Fighting
  8843 | D:7      | Reached skill level 9 in Air Magic
  9024 | D:7      | Found a bloodstained altar of Trog.
  9024 | D:7      | Found a white marble altar of Elyvilon.
  9026 | D:7      | Found a snail-covered altar of Cheibriados.
  9028 | D:7      | Found a staircase to the Ecumenical Temple.
 10367 | D:8      | Noticed Erolcha
 10374 | D:8      | Killed Erolcha
 10374 | D:8      | Reached skill level 5 in Charms
 10374 | D:8      | Reached skill level 10 in Air Magic
 10374 | D:8      | Reached XP level 10. HP: 68/68 MP: 3/18
 10745 | D:8      | Found Igyeghig's Antique Weapon Shoppe.
 10961 | D:8      | Noticed Blank's ghost (novice MiFi)
 10963 | D:8      | Noticed a three-headed hydra
 10972 | D:8      | Killed a three-headed hydra
 10995 | D:8      | HP: 5/103 [Blank's ghost (5)]
 10998 | D:8      | Slain by Blank's ghost

Skill      XL: |  1  2  3  4  5  6  7  8  9 10 |
---------------+-------------------------------+-----
Air Magic      | 4 5 6 7 8 10 | 10.6
Spellcasting   | 3 4 5 |  5.2
Conjurations   | 2 3 4 5 6 8 |  8.6
Shields        | 1 2 4 |  4.4
Fighting       | 2 4 6 |  6.8
Charms         | 5 6 |  6.1
Dodging        | |  2.1
Stealth        | |  2.1

Action                   |  1- 3 |  4- 6 |  7- 9 | 10-12 || total
-------------------------+-------+-------+-------+-------++-------
Melee: Whip              |    13 |    19 |       |       ||    32
       Long sword        |       |    13 |       |       ||    13
       Short sword       |       |    24 |   175 |    20 ||   219
       Dagger            |       |       |       |    28 ||    28
 Cast: Shock             |    54 |   106 |   171 |    18 ||   349
       Repel Missiles    |     1 |     1 |     1 |       ||     3
       Static Discharge  |       |    17 |    51 |    10 ||    78
       Lightning Bolt    |       |       |     3 |     5 ||     8
Invok: Curse Item        |       |     1 |     1 |       ||     2
Evoke: Wand              |       |       |       |     3 ||     3
  Use: Scroll            |       |     3 |     7 |       ||    10
       Potion            |       |       |     5 |     1 ||     6
 Stab: Sleeping          |       |     2 |     3 |     1 ||     6
  Eat: Chunk             |     1 |    11 |     4 |       ||    16
       Meat ration       |       |       |     4 |       ||     4
Armor: Robe              |    25 |    31 |    25 |     6 ||    87
       Skin              |       |       |     6 |    12 ||    18
Dodge: Dodged            |    32 |    53 |    81 |    17 ||   183
       Deflected         |     2 |     1 |     1 |       ||     4
Block: Buckler           |       |     8 |    44 |    14 ||    66
